 Dungeon Crawl Stone Soup version 0.27-a0-1087-gf39c287674 (webtiles) character file.

Game seed: 272901346012537287

198 Bapho the Chopper (level 5, -2/48 HPs)
             Began as a Naga Warper on Apr 27, 2021.
             Was a Follower of Cheibriados.
             Slain by Eustachio
             ... wielding a +0 rapier
              (10 damage)
             ... on level 4 of the Dungeon.
             The game lasted 00:07:17 (3980 turns).

Bapho the Chopper (Naga Warper)                     Turns: 3980, Time: 00:07:18

Health: -2/48      AC:  5    Str: 16    XL:     5   Next: 76%
Magic:  4/8        EV:  8    Int: 15    God:    Cheibriados [*.....]
Gold:   82         SH:  0    Dex: 13    Spells: 6/8 levels left

rFire    . . .     SeeInvis +   a - +0 hand axe
rCold    . . .     Faith    .   (no shield)
rNeg     . . .     Spirit   .   f - +0 ring mail
rPois    +         Reflect  .   u - +0 helmet
rElec    .         Harm     .   (no cloak)
rCorr    .         Rampage  .   (no gloves)
Will     .....                  (no barding)
Stlth    +.........             (no amulet)
HPRegen  0.16/turn              (no ring)
MPRegen  0.11/turn              (no ring)

@: very slightly contaminated, very slow
A: AC +1, large, see invisible, deformed body, poison resistance, slowness 2,
spit poison 1, naga tail 1
a: Spit Poison, Renounce Religion, Bend Time


You were on level 4 of the Dungeon.
You worshipped Cheibriados.
Cheibriados was aware of your devotion.
You visited 1 branch of the dungeon, and saw 4 of its levels.

You collected 82 gold pieces.

Inventory:

Hand Weapons
 a - a +0 hand axe (weapon)
Missiles
 e - 5 boomerangs of dispersal
 r - 21 stones
Armour
 b - a +0 leather armour
 f - a +0 ring mail (worn)
 u - a +0 helmet (worn)
Jewellery
 i - a ring of ice
 k - a ring of fire
Wands
 t - a wand of flame (16)
Scrolls
 d - 4 scrolls of blinking
 l - 4 scrolls of identify {unknown}
 m - a scroll of immolation {unknown}
 o - a scroll of fog {unknown}
 q - a scroll of amnesia {unknown}
 v - a scroll of silence {unknown}
Potions
 c - 2 potions of curing {unknown}
 g - 2 potions of berserk rage {unknown}
 h - a potion of flight {unknown}
 j - a potion of degeneration {unknown}
 n - a potion of attraction {unknown}
 p - a potion of haste {unknown}
 s - a potion of might


   Skills:
 + Level 2.9 Fighting
 + Level 4.5 Axes
 - Level 0.8 Throwing
 - Level 0.7 Armour
 - Level 1.5 Dodging
 - Level 2.0 Spellcasting
 - Level 4.0 Translocations


You had 6 spell levels left.
You knew the following spells:

 Your Spells              Type           Power      Damage    Failure   Level
a - Blink                 Tloc           N/A        N/A       12%         2

Your spell library contained the following spells:

 Spells                   Type           Power      Damage    Failure   Level
 Apportation              Tloc           26%        N/A       9%          1
 Gell's Gravitas          Tloc           6%         N/A       24%         3
 Lesser Beckoning         Tloc           6%         N/A       24%         3
 Teleport Other           Tloc           13%        N/A       24%         3
 Animate Skeleton         Necr           2%         N/A       38%         1
 Corona                   Hex            1%         N/A       38%         1
 Freeze                   Ice            4%         1d3       38%         1
 Magic Dart               Conj           4%         1d3       38%         1
 Sting                    Tmut/Pois      4%         1d3       38%         1
 Summon Small Mammal      Summ           4%         N/A       38%         1
 Poisonous Vapours        Pois/Air       2%         N/A       54%         2
 Searing Ray              Conj           2%         3d3       54%         2
 Dazzling Flash           Conj/Hex       2%         N/A       77%         3
 Frozen Ramparts          Ice            2%         1d2       77%         3
 Ignite Poison            Fire/Tmut/Pois 1%         N/A       77%         3
 Mephitic Cloud           Conj/Pois/Air  1%         N/A       77%         3
 Ozocubu's Armour         Ice            1%         N/A       77%         3
 Iskenderun's Mystic Bla  Conj/Tloc      7%         2d4       88%         4
 Manifold Assault         Tloc           13%        N/A       92%         5
 Fulminant Prism          Conj/Hex       0%         3d6       99%         4
 Hailstorm                Conj/Ice       1%         3d3       99%         4
 Olgreb's Toxic Radiance  Pois           1%         N/A       99%         4
 Metabolic Englaciation   Hex/Ice        0%         N/A       100%        5


Dungeon Overview and Level Annotations

Branches:
Dungeon (4/15)
 Temple: D:4-7

Altars:
Cheibriados
Gozag
Okawaru

Annotations:
D:4 1 runed translucent door, Crazy Yiuf, Eustachio


Innate Abilities, Weirdness & Mutations

Your serpentine skin is tough. (AC +1)
You have supernaturally acute eyesight. (SInv)
Armour fits poorly on your strangely shaped body.
Your system is resistant to poisons. (rPois)
You cover ground very slowly.
You can spit poison.
You have a snake-like lower body.


Message History

Eustachio mumbles some strange words.
Eustachio blinks!
Eustachio moves out of view.
Eustachio is nearby!
Press: ? - help, Shift-Dir - straight line, f - Eustachio
Aim: Eustachio, wielding a +0 rapier and wearing a +2 leather armour of willpower The splash of poison misses Eustachio.
Eustachio hits you with a +0 rapier.
Eustachio casts a spell.
You barely miss Eustachio. Eustachio completely misses you.
You hit Eustachio.
Eustachio is lightly wounded.
You have got your breath back.
Eustachio hits you with a +0 rapier!
You completely miss Eustachio.
Eustachio is lightly wounded.
Eustachio drinks a potion.
Eustachio seems to grow stronger.
Eustachio hits you with a +0 rapier!
Press: ? - help, Shift-Dir - straight line, f/p - Eustachio
Aim: Eustachio, wielding a +0 rapier and wearing a +2 leather armour of willpower (lightly wounded, strong)
The splash of poison misses Eustachio.
The splash of poison misses the rat.
Eustachio hits you with a +0 rapier.
Casting: Blink (safe; 12% risk of failure)
Confirm with . or Enter, or press ? or * to list all spells.
You miscast Blink.
You are very lightly contaminated with residual magic.
Nothing appears to happen.
The rat twitches its whiskers.
Eustachio casts a spell.
Casting: Blink (safe; 12% risk of failure)
Confirm with . or Enter, or press ? or * to list all spells.
You blink.
Eustachio casts a spell.
The rat disappears in a puff of smoke!
The rat bites you.
You have got your breath back.
Eustachio gestures wildly while chanting.
Eustachio blinks!
Eustachio hits you with a +0 rapier!
* * * LOW HITPOINT WARNING * * *
The bat closely misses you. The rat bites you but does no damage.
The bat barely misses you. x2; Eustachio hits you with a +0 rapier!
You die...

<##########..#.####.# ##
##...........##.# #
#............##.# #
#..####.#....##.#### #..#
#.............#
#..###..#....##.##......#
#.......##.#rrr.##..###...
#..###.###.@...ยงยง...#
#####..###.#####@b#####.#
................<.# ..
..####............# ##.
#..# #####.######.# . #..#
#.# #.# ##+# #.# #.# .# .#


You could see Eustachio (strong), a river rat (summoned), a quokka (summoned), a
bat (summoned) and a rat (summoned).

Vanquished Creatures
  2 orc wizards (D:3)
  Robin (D:3)
  5 adders
  2 dart slugs
  9 orcs
  4 bats
  12 endoplasms
  12 goblins
  10 hobgoblins
  2 jackals (D:2)
  2 quokkas (D:3)
  2 ball pythons (D:2)
  A frilled lizard (D:3)
  6 kobolds
  4 rats
74 creatures vanquished.

Notes
Turn   | Place    | Note
-------+----------+-------------------------------------------
     0 | D:1      | Bapho the Naga Warper began the quest for the Orb.
     0 | D:1      | Reached XP level 1. HP: 19/19 MP: 3/3
   133 | D:1      | Reached XP level 2. HP: 26/26 MP: 5/5
   428 | D:1      | Found a faded altar of an unknown god.
   687 | D:1      | Reached XP level 3. HP: 32/32 MP: 6/6
   782 | D:1      | Learned a level 2 spell: Blink
  1319 | D:2      | Reached XP level 4. HP: 34/39 MP: 7/7
  2139 | D:3      | Found a snail-covered altar of Cheibriados.
  2148 | D:3      | Became a worshipper of Cheibriados the Contemplative
  2349 | D:3      | Found an iron altar of Okawaru.
  2354 | D:3      | Found an opulent altar of Gozag.
  2588 | D:3      | Reached XP level 5. HP: 41/45 MP: 8/8
  2976 | D:3      | Reached * piety under Cheibriados
  3250 | D:4      | Found a runed translucent door.
  3251 | D:4      | Noticed Crazy Yiuf
  3304 | D:4      | Noticed Robin
  3757 | D:3      | Killed Robin
  3968 | D:4      | Noticed Eustachio
  3980 | D:4      | Slain by Eustachio

Illustrated notes

Levels and vault maps discovered:
D:1:      pf_arrival_petrified_forest, layout_rooms,
          shapermc_ecumenical_altar_mp_highgroup
D:2:      layout_loops_cross, minmay_misc_feat_hallway, nrook_campfire
D:3:      layout_basic, kennysheep_slug_shrine, minitemple, minmay_crystal_water
D:4:      layout_loops_ring, minmay_temple_entry_nine_rooms,
          serial_park_tiny_pond, roderic_serpentine_path, minmay_statues_item,
          uniq_eustachio, uniq_crazy_yiuf_cottage, uniq_robin, uniq_pikel

Skill      XL: |  1  2  3  4 |
---------------+-------------+-----
Axes           | 3 4 |  4.5
Translocations | 4 |  4.0
Fighting       | |  2.9
Throwing       | |  0.8
Armour         | |  0.7
Dodging        | |  1.5
Spellcasting   | |  2.0

Action                   |  1- 3 |  4- 6 || total
-------------------------+-------+-------++-------
Melee: Hand axe          |    57 |   130 ||   187
 Cast: Blink             |       |     1 ||     1
 Abil: Spit Poison       |    28 |    36 ||    64
  Use: Scroll            |     1 |       ||     1
Armor: Ring mail         |    22 |    45 ||    67
Dodge: Dodged            |    28 |    59 ||    87

Table legend: (Time is in decaauts)
 A = Elapsed time spent in this place.
 B = Non-inter-level travel time spent in this place.
 C = Inter-level travel time spent in this place.
 D = Time resting spent in this place.
 E = Time spent auto-exploring this place.
 F = Levels seen in this place.
 G = Mean time per level.
                   A        B        C        D        E       F      G
               +--------+--------+--------+--------+--------+-----+--------+
         Total |   5182 |   4918 |    264 |    680 |   3609 |   4 | 1295.5 |
       Dungeon |   5182 |   4918 |    264 |    680 |   3609 |   4 | 1295.5 |
               +--------+--------+--------+--------+--------+-----+--------+

Top non-repeatable levels by time:
     D:3: 2302 daAuts
     D:2: 1269 daAuts
     D:1: 1023 daAuts
     D:4: 587 daAuts
